 Dungeon Crawl Stone Soup version 0.25.1-1-g288607f (webtiles) character file.

Game seed: 16148789092693206740

1102 RonnieColeman the Magician (level 8, 0/54 HPs)
             Began as an Octopode Conjurer on Sept 12, 2020.
             Was a Follower of Sif Muna.
             Slain by a hippogriff (3 damage)
             ... on level 6 of the Dungeon.
             The game lasted 00:09:51 (5486 turns).

RonnieColeman the Magician (Octopode Conjurer)      Turns: 5486, Time: 00:09:51

Health: 0/54       AC:  1    Str: 13    XL:     8   Next: 32%
Magic:  9/17       EV: 13    Int: 20    God:    Sif Muna [*.....]
Gold:   298        SH:  0    Dex: 12    Spells: 17/20 levels left

rFire    . . .     SeeInvis .   g - +0 short sword
rCold    . . .     Gourm    .   (no shield)
rNeg     . . .     Faith    .   (helmet restricted)
rPois    .         Spirit   .   (no amulet)
rElec    .         Reflect  .   o - ring of stealth
rCorr    +         Harm     .   p - ring of resist corrosion
MR       .....                  l - +6 ring of strength
Stlth    ++++......             (no ring)
HPRegen  0.18/turn              (no ring)
MPRegen  0.15/turn              (no ring)
                                (no ring)
                                (no ring)

@: very slightly contaminated
A: almost no armour, stealthy swim, amphibious, 8 rings, constrict 8, camouflage
1, gelatinous body 1
a: Channel Magic, Renounce Religion


You were on level 6 of the Dungeon.
You worshipped Sif Muna.
Sif Muna was aware of your devotion.
You were very hungry.

You visited 1 branch of the dungeon, and saw 6 of its levels.

You collected 298 gold pieces.

Inventory:

Hand Weapons
 d - a +0 dagger
 g - a +0 short sword (weapon)
Jewellery
 l - a +6 ring of strength (on tentacle)
 o - a ring of stealth (left tentacle)
 p - a ring of resist corrosion (right tentacle)
Scrolls
 a - 11 scrolls of identify {unknown}
 c - 3 scrolls of enchant weapon {unknown}
 e - 2 scrolls of immolation {unknown}
 h - 2 scrolls of fog {unknown}
 i - 5 scrolls of teleportation {unknown}
 j - a scroll of random uselessness {unknown}
 k - a scroll of fear {unknown}
 q - a scroll of remove curse {unknown}
 r - a scroll of magic mapping {unknown}
 t - a scroll of silence {unknown}
Potions
 f - 2 potions of degeneration {unknown}
 m - a potion of mutation {unknown}
 n - a potion of experience {unknown}
 s - 2 potions of flight {unknown}
 u - a potion of magic {unknown}
Comestibles
 b - 6 rations


   Skills:
 + Level 4.5 Fighting
 - Level 2.0 Dodging
 - Level 2.6 Stealth
 * Level 6.5 Spellcasting
 + Level 6.2 Conjurations


You had 17 spell levels left.
You knew the following spells:

 Your Spells              Type           Power        Failure   Level  Hunger
a - Magic Dart            Conj           ####         1%          1    None
b - Searing Ray           Conj           ####..       1%          2    None

Your spell library contained the following spells:

 Spells                   Type           Power        Failure   Level  Hunger
 Dazzling Flash           Conj/Hex       ###...       9%          3    #......
 Fulminant Prism          Conj/Hex       ###.......   28%         4    ###....
 Iskenderun's Mystic Bla  Conj/Tloc      ###.....     28%         4    ###....


Dungeon Overview and Level Annotations

Branches:
Dungeon (6/15)
 Temple: D:4-7

Altars:
Cheibriados
Dithmenos
Fedhas
Hepliaklqana
Nemelex Xobeh
Okawaru
Ru
Sif Muna
Zin


Innate Abilities, Weirdness & Mutations

You cannot wear most types of armour.
You are very stealthy in the water. (Stealth+)
You are amphibious.
You can wear up to eight rings at the same time.
You can use your tentacles to constrict eight enemies at once.
Your skin changes colour to match your surroundings (Stealth+).
Your rubbery body absorbs attacks. (AC +1, EV +1)


Message History

An adder comes into view.
The adder moves out of view.
The hippogriff closely misses you. The hippogriff pecks you.
The hippogriff claws you.
Casting: Searing Ray (safe; 1% risk of failure)
Confirm with . or Enter, or press ? or * to list all spells.
Aiming: Searing Ray (safe; 1% risk of failure)
Press: ? - help, Shift-Dir - straight line, f/p - hippogriff
Aim: a hippogriff (severely wounded)
You miscast Searing Ray.
You are very lightly contaminated with residual magic.
Nothing appears to happen.
The hippogriff bites you! The hippogriff pecks you. The hippogriff claws you.
The hippogriff bites you! The hippogriff closely misses you.
The hippogriff claws you!
* * * LOW HITPOINT WARNING * * *
The hippogriff bites you!
* * * LOW HITPOINT WARNING * * *
The hippogriff pecks you.
You die...

### .. ..... ..
......######.#.. #.
#...<....... . # #.
#..#.###.#....
#.##.####.#..)#.#....
...................
#.H###.#...#......
#.@.##.#.#.#..##.#
#.#.##.#.........#
.##.#..#.#.#....#..#
............#.#.## .#
#.##.##..<..#.#.# .
#.#....#.#.#..
#.#.#..#.#.# ..
#.#.#..#.#.# ...
.....#.#.# ...


You could see a hippogriff.

Vanquished Creatures
  A sky beast (D:5)
  A phantom (D:5)
  4 ogres
  A necrophage (D:5)
  A water moccasin skeleton (D:5)
  A howler monkey (D:5)
  2 hounds
  2 orc priests (D:5)
  A jelly (D:5)
  A centaur skeleton (D:5)
  Terence (D:2)
  Natasha (thrice) (D:2)
  A worker ant (D:5)
  4 adders
  A worm (D:2)
  6 dart slugs
  5 leopard geckos
  8 orcs
  2 ball pythons
  4 giant cockroaches
  6 goblins
  3 hobgoblins (D:2)
  3 jackals (D:1)
  8 kobolds
  2 quokkas (D:4)
  7 bats
  3 frilled lizards (D:1)
  A quokka skeleton (D:4)
  7 rats
90 creatures vanquished.

Vanquished Creatures (others)
  A fungus (D:4)
1 creature vanquished.

Grand Total: 91 creatures vanquished

Notes
Turn   | Place    | Note
-------+----------+-------------------------------------------
     0 | D:1      | RonnieColeman the Octopode Conjurer began the quest for the
                  | Orb.
     0 | D:1      | Reached XP level 1. HP: 11/11 MP: 3/3
   207 | D:1      | Reached XP level 2. HP: 15/18 MP: 5/5
   331 | D:1      | Reached skill level 1 in Fighting
   537 | D:1      | Reached XP level 3. HP: 23/23 MP: 6/6
  1190 | D:2      | Found a sparkling altar of Nemelex Xobeh.
  1247 | D:2      | Reached XP level 4. HP: 18/28 MP: 1/8
  1369 | D:2      | Noticed Terence
  1374 | D:2      | Learned a level 2 spell: Searing Ray
  1381 | D:2      | Killed Terence
  1658 | D:2      | Found a sparkling altar of Nemelex Xobeh.
  1658 | D:2      | Noticed Natasha
  1663 | D:2      | Killed Natasha
  2185 | D:2      | Noticed Natasha
  2192 | D:2      | Killed Natasha
  2192 | D:2      | Reached XP level 5. HP: 34/34 MP: 4/10
  2410 | D:2      | Noticed Natasha
  2414 | D:2      | Killed Natasha
  2478 | D:3      | Found a shimmering blue altar of Sif Muna.
  2501 | D:3      | Became a worshipper of Sif Muna the Loreminder
  2650 | D:3      | Found a blossoming altar of Fedhas.
  2835 | D:3      | Found an iron altar of Okawaru.
  3111 | D:3      | You fall into a shaft and drop 1 floor!
  3135 | D:4      | Reached XP level 6. HP: 28/41 MP: 12/12
  3338 | D:4      | Found a sacrificial altar of Ru.
  3383 | D:4      | Reached skill level 5 in Conjurations
  4135 | D:5      | Entered Level 5 of the Dungeon
  4210 | D:5      | Noticed a necrophage
  4214 | D:5      | Killed a necrophage
  4214 | D:5      | Reached skill level 5 in Spellcasting
  4214 | D:5      | Reached XP level 7. HP: 46/46 MP: 5/14
  4422 | D:5      | Found a hazy altar of Hepliaklqana.
  4837 | D:5      | Found a snail-covered altar of Cheibriados.
  4871 | D:5      | Reached XP level 8. HP: 54/54 MP: 13/17
  5028 | D:5      | Reached * piety under Sif Muna
  5059 | D:5      | Found a glowing silver altar of Zin.
  5307 | D:5      | Found a shadowy altar of Dithmenos.
  5473 | D:6      | Noticed a hippogriff
  5486 | D:6      | Slain by a hippogriff

Illustrated notes

Levels and vault maps discovered:
D:1:      minmay_arrival_loop, layout_rooms, minmay_strange_pillars,
          minmay_hexomino_c4
D:2:      layout_loops_ring, nicolae_overflow_crystal_walls,
          grunt_ministairs_11, nemelex_lonely_heart_becter, uniq_natasha,
          uniq_terence
D:3:      layout_basic, fedhas_altar_1, overflow_temple_1_default,
          amethyst_overflow_temple_binary, lemuel_doored_altar,
          kennysheep_generic_room_13
D:4:      layout_loops_cross, overflow_temple_1_default, serial_aquarium,
          aquarium_bridge_long_joined [aquarium_subvault_window,
          aquarium_subvault_window, aquarium_subvault_bridge,
          aquarium_subvault_window, aquarium_subvault_wall,
          aquarium_subvault_wall], aquarium_window_fake, aquarium_window_fake,
          aquarium_view_2b, aquarium_view_2d
D:5:      layout_loops_ring, old_standard_altar, nicolae_overflow_hidden_temple,
          lemuel_round_altar, first_ration, small_statue_intersection,
          kennysheep_slug_shrine
D:6:      layout_basic, st_stairs_2, uniq_edmund

Skill      XL: |  1  2  3  4  5  6  7  8 |
---------------+-------------------------+-----
Fighting       | 1 2 3 4 |  4.5
Spellcasting   | 3 4 5 6 |  6.5
Conjurations   | 5 6 |  6.2
Dodging        | |  2.0
Stealth        | |  2.6

Action                   |  1- 3 |  4- 6 |  7- 9 || total
-------------------------+-------+-------+-------++-------
Melee: Unarmed           |    12 |       |       ||    12
       Dagger            |     7 |       |       ||     7
       Constrict         |    22 |    13 |     2 ||    37
       Tentacles         |    10 |     6 |     4 ||    20
       Short sword       |    56 |    41 |     6 ||   103
 Cast: Magic Dart        |    19 |    32 |    21 ||    72
       Searing Ray       |       |    19 |    17 ||    36
 Stab: Sleeping          |     7 |    13 |       ||    20
       Distracted        |       |     1 |       ||     1
  Eat: Chunk             |     1 |     9 |     3 ||    13
Armor: Skin              |    11 |     2 |       ||    13
Dodge: Dodged            |    55 |    26 |     9 ||    90
